 Dungeon Crawl Stone Soup version 0.30-a0-782-ge64f9170bb (webtiles) character file.

Game seed: 18165477115571116755

5949 cheesebisquit the Marksminotaur (level 10, -3/74 HPs)
             Began as a Minotaur Hunter on Feb 19, 2023.
             Was a Believer of Qazlal.
             Succumbed to a killer bee's poison
             ... on level 8 of the Dungeon.
             The game lasted 00:29:34 (10588 turns).

cheesebisquit the Marksminotaur (Minotaur Hunter)  Turns: 10588, Time: 00:29:35

Health: -3/74      AC:  7    Str: 15    XL:     10   Next: 54%
Magic:  1/9        EV: 12    Int:  6    God:    Qazlal [**....]
Gold:   457        SH:  2    Dex: 19    Spells: 9/9 levels left

rFire   + . .      SeeInvis .    o - +0 arbalest
rCold   + + .      Faith    .    (shield currently unavailable)
rNeg    . . .      Spirit   +    s - +2 leather armour {rC+}
rPois   +          Reflect  .    (helmet restricted)
rElec   +          Harm     .    D - +0 cloak
rCorr   +          Rampage  .    E - +0 pair of gloves
Will    .....                    (no boots)
Stlth   ++                       w - amulet of guardian spirit
HPRegen 0.32/turn                (no ring)
MPRegen 0.11/turn                (no ring)

@: lethally poisoned (-3 -> -22), resistant, weak-willed
A: horns 2, retaliatory headbutt
a: Renounce Religion, Upheaval


You were on level 8 of the Dungeon.
You worshipped Qazlal.
Qazlal was pleased with you.
You visited 2 branches of the dungeon, and saw 10 of its levels.

You collected 457 gold pieces.

Inventory:

Hand Weapons
 o - a +0 arbalest (weapon)
Missiles
 q - 8 poisoned darts
 r - 3 throwing nets
 B - a curare-tipped dart
Armour
 s - a +2 leather armour of cold resistance (worn)
 x - +0 steam dragon scales
 y - an orb of light
 D - a +0 cloak (worn)
 E - a +0 pair of gloves (worn)
 F - a +0 tower shield
Jewellery
 e - a +6 ring of intelligence
 w - an amulet of guardian spirit (around neck)
Wands
 c - a wand of flame (21)
 v - a wand of digging (8)
 G - a wand of polymorph (3)
Scrolls
 b - 7 scrolls of immolation
 f - a scroll of enchant armour
 i - a scroll of fog {unknown}
 j - a scroll of enchant weapon {unknown}
 m - a scroll of fear {unknown}
 n - a scroll of vulnerability
 t - a scroll of acquirement {unknown}
 A - a scroll of poison {unknown}
Potions
 a - a potion of brilliance
 k - 2 potions of flight
 u - a potion of might
 z - 3 potions of lignification
 C - a potion of mutation
 H - a potion of degeneration {unknown}


   Skills:
 - Level 2.6 Fighting
 + Level 17.3 Ranged Weapons
 - Level 2.4 Dodging
 - Level 1.1 Stealth


You had 9 spell levels left.
You didn't know any spells.
Your spell library contained the following spells:

 Spells                   Type           Power      Damage    Failure   Level
 Slow                     Hex            0%         N/A       52%         1
 Sublimation of Blood     Necr           0%         N/A       67%         2
 Confusing Touch          Hex            0%         N/A       88%         3
 Hailstorm                Conj/Ice       0%         3d3       88%         3
 Vampiric Draining        Necr           0%         2d6       88%         3
 Ice Form                 Ice/Tmut       0%         N/A       99%         4
 Passage of Golubria      Tloc           0%         N/A       99%         4
 Petrify                  Tmut/Erth      0%         N/A       99%         4
 Irradiate                Conj/Tmut      0%         3d11      100%        5
 Iskenderun's Battlesphe  Conj           0%         2d6       100%        5
 Silence                  Hex/Air        0%         N/A       100%        5
 Iron Shot                Conj/Erth      0%         9d1       100%        6
 Simulacrum               Ice/Necr       0%         N/A       100%        6
 Spellforged Servitor     Conj/Summ      0%         N/A       100%        7
 Lehudib's Crystal Spear  Conj/Erth      0%         10d2      100%        8


Dungeon Overview and Level Annotations

Branches:
Dungeon (9/15)             Temple (1/1) D:5
   Lair: D:8-11         Orc: D:9-12

Altars:
Ashenzari
Cheibriados
Dithmenos
Elyvilon
Fedhas
Hepliaklqana
Makhleb
Okawaru
Qazlal
Ru
Sif Muna
Trog
Uskayaw
Vehumet
Wu Jian
Xom
Yredelemnul
Zin
The Shining One

Annotations:
D:6 3 runed translucent doors, souper's ghost, novice DsHu


Innate Abilities, Weirdness & Mutations

You have a pair of horns on your head.
You reflexively headbutt those who attack you in melee.


Message History

* * * LOW HITPOINT WARNING * * *
You feel very sick. The killer bee barely misses you.
The killer bee completely misses you. The killer bee closely misses you. x2
The killer bee stings you but does no damage.
The killer bee closely misses you.
Your magical effects are unravelling.
You feel magically purged.
You feel less invigorated.
You feel less confused.
You feel very sick.
You block the killer bee's attack. x2; The killer bee barely misses you.
The killer bee misses you. You block the killer bee's attack.
The killer bee stings you.
* * * LOW HITPOINT WARNING * * *
You feel protected.
You feel sick. The killer bee closely misses you. You furiously retaliate!
You headbutt the killer bee. The killer bee closely misses you.
The killer bee completely misses you. The killer bee closely misses you.
The killer bee stings you.
* * * LOW HITPOINT WARNING * * *
You are lethally poisoned!
The killer bee poisons you!
The killer bee stings you but does no damage.
As you read the scroll labelled ELEIDGHO RAUXZE, it crumbles to dust.
Magic quickly surges around you.
It was a scroll of vulnerability.
* * * LOW HITPOINT WARNING * * *
You feel very sick.
The killer bee stings you but does no damage.
The killer bee barely misses you. You furiously retaliate!
You headbutt the killer bee. The killer bee closely misses you. x2
You furiously retaliate!
You headbutt the killer bee. The killer bee stings you.
* * * LOW HITPOINT WARNING * * *
You are more poisoned.
The killer bee poisons you! The killer bee stings you.
* * * LOW HITPOINT WARNING * * *
As you read the scroll labelled AZOEBUHU WURCHA, it crumbles to dust.
You hear a loud clanging noise!
It was a scroll of noise.
You die...

...+......##.# #.......#
#.###.##
...######..#.###.......#
#.# #... ...#
##.........#######.#
#### ...#
#####.....######(.# ####
##....+......##
#....###...##
#####).......#.#
#....y.y..####.#
#....y@........#
#.........######
#.........# #.........#
#.........# #.[.......#
#.........# ###########


You could see 3 killer bees.

Vanquished Creatures
  Pikel (D:5)
  Maurice (D:8)
  A wyvern (D:9)
  7 yaks (D:8)
  6 steam dragons
  3 water moccasins
  An acid dragon (D:7)
  2 ice beasts
  A black bear (D:4)
  An ogre (D:5)
  A centaur (D:7)
  4 lemures
  A kobold brigand (D:7)
  A phantom (D:6)
  7 bullfrogs
  3 necrophages
  4 scorpions
  A wyvern zombie (D:6)
  A water moccasin skeleton (D:6)
  8 killer bees (D:9)
  6 howler monkeys
  2 jellies
  3 bullfrog zombies (D:6)
  2 orc priests
  3 hounds (D:5)
  A gnoll bouda (D:7)
  A centaur skeleton (D:6)
  2 iguanas
  An orc wizard (D:9)
  2 howler monkey zombies (D:6)
  9 gnolls
  A howler monkey skeleton (D:6)
  5 adders
  A shadow imp (D:7)
  A white imp (D:7)
  An ufetubus (D:5)
  3 worms
  A dart slug (D:1)
  9 orcs
  6 endoplasms
  8 giant cockroaches
  10 goblins
  6 hobgoblins (D:1)
  8 jackals
  4 kobolds
  6 quokkas
  5 ball pythons
  4 bats
  7 frilled lizards
  12 rats
185 creatures vanquished.

Vanquished Creatures (others)
  A centaur zombie (D:6)
  2 withered plants (D:6)
3 creatures vanquished.

Grand Total: 188 creatures vanquished

Notes
Turn   | Place    | Note
-------+----------+-------------------------------------------
     0 | D:1      | cheesebisquit the Minotaur Hunter began the quest for the
                  | Orb.
     0 | D:1      | Reached XP level 1. HP: 18/18 MP: 0/0
   125 | D:1      | Reached skill level 1 in Stealth
   137 | D:1      | Reached XP level 2. HP: 20/25 MP: 1/1
   398 | D:1      | Reached skill level 5 in Ranged Weapons
   457 | D:1      | Reached XP level 3. HP: 30/30 MP: 2/2
  1215 | D:2      | Identified the +2 ring mail of Elyvilon's Supremacy {Int+6}
  1359 | D:2      | Reached skill level 6 in Ranged Weapons
  1359 | D:2      | Reached XP level 4. HP: 37/37 MP: 3/3
  2555 | D:3      | Reached XP level 5. HP: 41/42 MP: 4/4
  3085 | D:4      | Noticed a black bear
  3091 | D:4      | Killed a black bear
  3092 | D:4      | Reached skill level 7 in Ranged Weapons
  3238 | D:4      | Reached skill level 8 in Ranged Weapons
  3238 | D:4      | Reached XP level 6. HP: 49/50 MP: 5/5
  3490 | D:4      | Found a sacrificial altar of Ru.
  3583 | D:4      | Found a snail-covered altar of Cheibriados.
  3584 | D:4      | Found a shimmering altar of Xom.
  3600 | D:4      | Found an iron altar of Okawaru.
  3601 | D:4      | Found a glowing golden altar of the Shining One.
  3602 | D:4      | Found a blossoming altar of Fedhas.
  3603 | D:4      | Found a shimmering blue altar of Sif Muna.
  3604 | D:4      | Found a burning altar of Makhleb.
  3606 | D:4      | Found a basalt altar of Yredelemnul.
  3850 | D:5      | Entered Level 5 of the Dungeon
  3866 | D:5      | Noticed Pikel
  4172 | D:5      | Reached skill level 9 in Ranged Weapons
  4198 | D:5      | Reached XP level 7. HP: 38/56 MP: 6/6
  4784 | D:5      | Reached skill level 10 in Ranged Weapons
  4860 | D:5      | Killed Pikel
  4861 | D:5      | Reached skill level 11 in Ranged Weapons
  4861 | D:5      | Reached XP level 8. HP: 55/62 MP: 7/7
  4949 | D:5      | Found a staircase to the Ecumenical Temple.
  4980 | Temple   | Entered the Ecumenical Temple
  5258 | Temple   | Became a worshipper of Qazlal Stormbringer
  5389 | D:5      | Reached skill level 12 in Ranged Weapons
  5923 | D:6      | Noticed souper's ghost (novice DsHu)
  6093 | D:6      | Reached skill level 13 in Ranged Weapons
  6098 | D:6      | Reached XP level 9. HP: 36/68 MP: 4/8
  6504 | D:6      | Reached skill level 14 in Ranged Weapons
  6874 | D:6      | Found a runed translucent gate.
  6875 | D:6      | Found a runed translucent gate.
  6876 | D:6      | Found a runed translucent gate.
  7790 | D:7      | Reached skill level 15 in Ranged Weapons
  8011 | D:7      | Reached * piety under Qazlal
  8299 | D:7      | Noticed a cyclops
  8523 | D:7      | Reached XP level 10. HP: 59/74 MP: 6/9
  8762 | D:8      | Reached skill level 16 in Ranged Weapons
  9559 | D:9      | Reached ** piety under Qazlal
  9858 | D:9      | Found a broken altar of Ashenzari.
 10420 | D:9      | Noticed Maurice
 10434 | D:8      | Killed Maurice
 10435 | D:8      | Reached skill level 17 in Ranged Weapons
 10587 | D:8      | HP: 3/74 [killer bee (2)]
 10587 | D:8      | HP: 1/74 [killer bee (2)]
 10588 | D:8      | Succumbed to a killer bee's poison

Illustrated notes

Levels and vault maps discovered:
D:1:      minmay_arrival_stone_box, layout_loops_corners
D:2:      layout_loops_ring
D:3:      layout_basic
D:4:      layout_cave_pods, nicolae_ru_great_annihilating_truth, minitemple
D:5:      layout_loops_ring, minmay_temple_entry_proselytizer,
          dreamdust_princess_bridge, uniq_pikel
D:6:      cheibrodos_steamvent, layout_loops_ring, serial_undead,
          serial_undead_f, serial_undead_b, serial_undead_d, serial_undead_a,
          serial_undead_c, gammafunk_ghost_icy, minivault_11
D:7:      minmay_klotski, layout_loops_corners, uniq_duvessa,
          uniq_crazy_yiuf_cottage
D:8:      layout_basic
D:9:      layout_layer_cave, mainiacjoe_overflow_24_doors, uniq_maurice
Temple:   compressed_dpeg_triangle_lava_temple

Skill      XL: |  1  2  3  4  5  6  7  8  9 10 |
---------------+-------------------------------+-----
Stealth        | 1 |  1.1
Ranged Weapons | 5 6 8 9 11 13 15 17 | 17.3
Fighting       | |  2.6
Dodging        | |  2.4

Action                     |  1- 3 |  4- 6 |  7- 9 | 10-12 || total
---------------------------+-------+-------+-------+-------++-------
   Fire: Shortbow          |   109 |       |       |       ||   109
         Arbalest          |     4 |   125 |   242 |    95 ||   466
    Use: Potion            |       |       |     8 |     6 ||    14
         Scroll            |       |       |    10 |     8 ||    18
 Armour: Leather armour    |    10 |    17 |    49 |    27 ||   103
  Dodge: Dodged            |    28 |    35 |   142 |    72 ||   277
  Block: Other             |       |       |     2 |    17 ||    19

Table legend: (Time is in decaauts)
 A = Elapsed time spent in this place.
 B = Non-inter-level travel time spent in this place.
 C = Inter-level travel time spent in this place.
 D = Time resting spent in this place.
 E = Time spent auto-exploring this place.
 F = Levels seen in this place.
 G = Mean time per level.
                   A        B        C        D        E       F      G
               +--------+--------+--------+--------+--------+-----+--------+
         Total |  10752 |  10379 |    373 |   1505 |   7411 |  10 | 1075.2 |
       Dungeon |  10459 |  10126 |    333 |   1505 |   7166 |   9 | 1162.1 |
        Temple |    293 |    253 |     40 |      0 |    245 |   1 |  293.0 |
               +--------+--------+--------+--------+--------+-----+--------+

Top non-repeatable levels by time:
     D:2: 1552 daAuts
     D:7: 1547 daAuts
     D:5: 1428 daAuts
     D:6: 1365 daAuts
     D:4: 1168 daAuts
     D:8: 1049 daAuts
     D:1: 887 daAuts
     D:9: 748 daAuts
     D:3: 712 daAuts
  Temple: 293 daAuts
